 Dungeon Crawl Stone Soup version 0.22.1-6-g1668fe2c40 (webtiles) character file.

4660 Rediskos the Scholar of Death (level 10, 0/126 HPs)
             Began as a Deep Elf Necromancer on Jan 23, 2019.
             Was a Follower of Kikubaaqudgha.
             Slain by a killer bee (1 damage)
             ... on level 1 of the Lair of Beasts.
             The game lasted 00:40:46 (8636 turns).

Rediskos the Scholar of Death (DENe)                Turns: 8636, Time: 00:40:46

Health: 0/126      AC: 27    Str: 10    XL:     10   Next: 20%
Magic:  6/41       EV:  2    Int: 24    God:    Kikubaaqudgha [*.....]
Gold:   458        SH:  0    Dex: 15    Spells: 15/29 levels left

rFire    . . .     SeeInvis +   b - staff of power
rCold    . . .     Gourm    .   (no shield)
rNeg     + + +     Faith    .   (armour currently unavailable)
rPois    +         Spirit   .   (helmet currently unavailable)
rElec    .         Reflect  .   (cloak currently unavailable)
rCorr    .         Harm     .   (gloves currently unavailable)
MR       +....     NoTele   +   (boots currently unavailable)
Stlth    ..........             (no amulet)
HPRegen  0.31/turn              y - +2 ring of protection
MPRegen  0.27/turn              C - ring of see invisible

@: berserking (expiring), lethally poisoned (0 -> 0), tree-form, very quick
A: no striking features
a: Receive Corpses, Renounce Religion


You were on level 1 of the Lair of Beasts.
You worshipped Kikubaaqudgha.
Kikubaaqudgha was aware of your devotion.
You were not hungry.
You were a tree.
You visited 2 branches of the dungeon, and saw 10 of its levels.
You also visited: Ossuary.

You collected 458 gold pieces.

Inventory:

Hand Weapons
 a - a +3 dagger of speed
 d - a +0 dagger
Missiles
 f - 2 throwing nets (quivered)
Armour
 e - a +0 robe
 m - a +0 cloak (melded)
 p - a +0 helmet (melded)
 u - the cursed +1 robe of Boredom (melded) {Str+4 Slay+3}
   (You found it on level 5 of the Dungeon)

   It affects your strength (+4).
   It affects your accuracy and damage with ranged weapons and melee attacks
   (+3).
   It has a curse placed upon it.
Magical Staves
 b - an uncursed staff of power (weapon)
Jewellery
 y - a +2 ring of protection (left branch)
 C - a ring of see invisible (right branch)
Wands
 k - a wand of flame (63)
 z - a wand of polymorph (12)
 G - a wand of iceblast (12)
 H - a wand of random effects (74)
Scrolls
 h - 6 scrolls of remove curse
 r - 6 scrolls of teleportation
 t - a scroll of holy word {unknown}
 w - 5 scrolls of identify
 x - a scroll of amnesia
 B - a scroll of enchant armour {unknown}
 D - a scroll of enchant weapon
 F - 2 scrolls of magic mapping {unknown}
 I - a scroll of fear {unknown}
 J - a scroll of brand weapon {unknown}
 K - a scroll of immolation
Potions
 g - 2 potions of brilliance {unknown}
 i - 2 potions of curing
 j - 5 potions of degeneration
 n - 3 potions of lignification
 o - a potion of haste {unknown}
 q - 5 potions of berserk rage
 s - a potion of magic {unknown}
 v - 2 potions of might {unknown}
 A - a potion of mutation {unknown}
 E - a potion of ambrosia {unknown}
Comestibles
 c - 9 rations


   Skills:
 - Level 3.0 Fighting
 - Level 8.2 Dodging
 - Level 2.4 Stealth
 + Level 10.1 Spellcasting
 * Level 13.0 Necromancy


You had 15 spell levels left.
You knew the following spells:

 Your Spells              Type           Power        Failure   Level  Hunger
a - Pain                  Necr           ####         1%          1    None
b - Corpse Rot            Necr           N/A          1%          2    None
d - Vampiric Draining     Necr           ######....   1%          3    None
q - Animate Dead          Necr           N/A          1%          4    #......
r - Regeneration          Chrm/Necr      #####.....   1%          3    None
s - Animate Skeleton      Necr           N/A          1%          1    None

Your spell library contained the following spells:

 Spells                   Type           Power        Failure   Level  Hunger
 Sublimation of Blood     Necr           ######....   1%          2    None
 Apportation              Tloc           ##....       5%          1    None
 Confusing Touch          Hex            ##....       5%          1    None
 Summon Small Mammal      Summ           ##..         5%          1    None
 Call Imp                 Summ           ##......     8%          2    None
 Call Canine Familiar     Summ           ##......     16%         3    None
 Summon Guardian Golem    Hex/Summ       ##......     16%         3    None
 Summon Ice Beast         Ice/Summ       ##......     45%         4    #......
 Summon Lightning Spire   Summ/Air       ##......     45%         4    #......


Dungeon Overview and Level Annotations

Branches:
Dungeon (9/15)             Temple (0/1) D:4            Lair (1/6) D:8
    Orc: D:9-12

Altars:
Ashenzari
Dithmenos
Gozag
Hepliaklqana
Kikubaaqudgha
Nemelex Xobeh
Okawaru
Ru
Uskayaw
Vehumet
Xom
Yredelemnul
The Shining One

Shops:
D:4 :!?[   D:6 (   D:7 *


Message History

Your crocodile zombie closely misses the killer bee.
The killer bee stings you.
* * * LOW HITPOINT WARNING * * *
The killer bee stings you but does no damage. x5
Your crocodile zombie misses the killer bee.
You miss the killer bee.
The killer bee is moderately wounded.
You feel sick.
The killer bee stings you but does no damage. x2
The killer bee stings you.
* * * LOW HITPOINT WARNING * * *
The killer bee stings you but does no damage.
The killer bee stings you.
* * * LOW HITPOINT WARNING * * *
The killer bee stings you but does no damage.
Your spiny frog zombie barely misses the killer bee.
The killer bee stings you but does no damage.
The killer bee stings you.
You die...
Kikubaaqudgha rasps: "You have failed me!
Welcome... death!"

#... ##..# #..P# ...# #
...## ####### %# ....##
##.....#####.###
.....###.......Z.....P#
......#........yyy...#
....#..........y♣yy$.#
...##..........Zyy...#
...###...........Z...#
..## #..............).#
..# #................#
#.# #...............##
### ##..............# #
#.............%#


You could see 8 killer bees, 2 friendly crocodile zombies and a friendly spiny
frog zombie.

Vanquished Creatures
  Pikel (D:8)
  A hippogriff (Lair:1)
  4 hogs (D:7)
  Grum (D:8)
  A human (D:7)
  2 water moccasins
  A sky beast (D:7)
  An orc warrior (D:8)
  An ice beast (D:7)
  A necrophage (D:8)
  A phantom (D:7)
  An ogre (D:5)
  2 wolves (D:8)
  A bullfrog (D:6)
  7 killer bees (Lair:1)
  3 wights (D:6)
  2 vampire bats (D:3)
  2 crimson imps
  A bullfrog zombie (D:7)
  A hound (D:7)
  6 orc priests
  3 jellies
  2 bullfrog skeletons
  3 orc wizards
  Terence (D:2)
  Natasha (twice) (D:4)
  3 iguanas
  4 worker ants
  A hound zombie (D:7)
  2 hound skeletons
  12 adders
  4 gnolls (D:5)
  An ooze (D:7)
  2 adder skeletons
  A worm (D:2)
  A dart slug (D:3)
  7 leopard geckos
  16 orcs
  13 bats
  A bat skeleton (D:3)
  5 bat zombies (D:3)
  5 giant cockroaches
  5 goblins
  3 hobgoblins (D:1)
  2 ball pythons
  3 frilled lizards
  A jackal skeleton (D:9)
  7 kobolds
  A quokka skeleton (D:7)
  A quokka zombie (D:5)
  8 rats
161 creatures vanquished.

Vanquished Creatures (collateral kills)
  A troll (D:8)
  2 slaves (D:8)
  An orc warrior (D:8)
  An ice beast (D:9)
  A black bear (D:8)
  2 phantoms (D:6)
  A wolf (D:9)
  An ogre (D:6)
  A big kobold (D:8)
  A bullfrog (D:6)
  7 killer bees (Lair:1)
  2 wights (D:6)
  A bullfrog zombie (D:9)
  An orc wizard (D:6)
  A killer bee zombie (D:6)
  A worker ant zombie (D:8)
  2 adder skeletons (D:8)
  A leopard gecko (D:1)
  5 orcs
  2 goblins
  2 kobolds (D:8)
37 creatures vanquished.

Vanquished Creatures (others)
  A slave (D:8)
  An ogre (D:8)
2 creatures vanquished.

Grand Total: 200 creatures vanquished

Notes
Turn   | Place    | Note
-------+----------+-------------------------------------------
     0 | D:1      | Rediskos the Deep Elf Necromancer began the quest for the
                  | Orb.
     0 | D:1      | Reached XP level 1. HP: 10/10 MP: 6/6
    10 | D:1      | Learned a level 1 spell: Animate Skeleton
   158 | D:1      | Reached skill level 5 in Necromancy
   185 | D:1      | Reached XP level 2. HP: 8/15 MP: 2/8
   846 | D:2      | Reached XP level 3. HP: 17/20 MP: 9/9
   855 | D:2      | Learned a level 3 spell: Vampiric Draining
   859 | D:2      | Learned a level 3 spell: Regeneration
  1426 | D:2      | Noticed Terence
  1459 | D:2      | Killed Terence
  1459 | D:2      | Reached skill level 1 in Fighting
  1459 | D:2      | Reached XP level 4. HP: 13/25 MP: 2/11
  1983 | D:3      | Found a hazy altar of Hepliaklqana.
  1984 | D:3      | Found a shimmering altar of Xom.
  1984 | D:3      | Noticed an insubstantial wisp
  1985 | D:3      | Noticed a spectral ugly thing
  1985 | D:3      | Noticed an insubstantial wisp
  2057 | D:3      | Found a basalt altar of Yredelemnul.
  2137 | D:3      | Found an iron altar of Okawaru.
  2148 | D:3      | Found a shadowy altar of Dithmenos.
  2161 | D:3      | Found an iron altar of Okawaru.
  2229 | D:3      | Reached skill level 6 in Necromancy
  2575 | D:3      | Found an ancient bone altar of Kikubaaqudgha.
  2601 | D:3      | Reached XP level 5. HP: 28/29 MP: 9/13
  2664 | D:3      | Became a worshipper of Kikubaaqudgha
  2769 | D:3      | Learned a level 4 spell: Animate Dead
  2837 | D:4      | Found a sand-covered staircase.
  2846 | Ossuary  | Entered an ossuary
  3165 | D:4      | Reached XP level 6. HP: 32/35 MP: 14/14
  3195 | D:4      | Found a staircase to the Ecumenical Temple.
  3320 | D:4      | Found Apasue's Armour Shoppe.
  3602 | D:4      | Reached skill level 7 in Necromancy
  3733 | D:4      | Reached skill level 5 in Spellcasting
  3797 | D:4      | Found Xefec's Distillery.
  3832 | D:4      | Found Woshric's Magic Scroll Shoppe.
  3866 | D:4      | Noticed Natasha
  3880 | D:4      | Killed Natasha
  4065 | D:4      | Found Nukegaq's Book Shoppe.
  4068 | D:4      | Noticed Natasha
  4072 | D:4      | Killed Natasha
  4126 | D:5      | Entered Level 5 of the Dungeon
  4182 | D:5      | Got an ancient robe
  4193 | D:5      | Identified the cursed +1 robe of Boredom {Str+4 Slay+3}
                  | (You found it on level 5 of the Dungeon)
  4344 | D:5      | Noticed a hand axe
  4346 | D:5      | Noticed a hand axe
  4349 | D:5      | Found a hide-covered altar of Uskayaw.
  4385 | D:5      | Found a shattered altar of Ashenzari.
  4427 | D:5      | Found a shadowy altar of Dithmenos.
  4480 | D:5      | Reached XP level 7. HP: 16/40 MP: 16/16
  4616 | D:5      | Reached * piety under Kikubaaqudgha
  4616 | D:5      | Identified Kikubaaqudgha's Compendium of Evil Rites
                  | (Kikubaaqudgha gifted it to you on level 5 of the Dungeon)
  4616 | D:5      | Received a gift from Kikubaaqudgha
  4816 | D:5      | Found a sacrificial altar of Ru.
  4865 | D:5      | Learned a level 2 spell: Corpse Rot
  5168 | D:5      | Reached skill level 8 in Necromancy
  5377 | D:5      | Reached skill level 5 in Dodging
  5548 | D:6      | Reached XP level 8. HP: 46/46 MP: 14/19
  5855 | D:6      | Reached skill level 9 in Necromancy
  6024 | D:6      | Found Dail's Antique Weapon Shop.
  6252 | D:7      | Found Roem's General Store.
  6440 | D:7      | Reached skill level 10 in Necromancy
  6504 | D:7      | Reached XP level 9. HP: 38/50 MP: 22/22
  6625 | D:7      | Found an opulent altar of Gozag.
  6626 | D:7      | Found a sparkling altar of Nemelex Xobeh.
  6870 | D:7      | Reached skill level 11 in Necromancy
  7243 | D:8      | HP: 1/50 [orc warrior/hand axe of electrocution (13)]
  7362 | D:8      | Noticed a troll
  7401 | D:8      | Killed a troll
  7581 | D:8      | Noticed Pikel
  7599 | D:8      | Killed Pikel
  7641 | D:8      | Found a staircase to the Lair.
  7723 | D:8      | Reached skill level 12 in Necromancy
  7803 | D:8      | Noticed Grum
  7832 | D:8      | Killed Grum
  7980 | D:8      | Found a glowing golden altar of the Shining One.
  8097 | D:8      | Found a radiant altar of Vehumet.
  8376 | D:9      | Reached XP level 10. HP: 12/55 MP: 25/25
  8467 | Lair:1   | Entered Level 1 of the Lair of Beasts
  8603 | Lair:1   | Reached skill level 10 in Spellcasting
  8628 | Lair:1   | Reached skill level 13 in Necromancy
  8636 | Lair:1   | HP: 5/126 [killer bee (6)]
  8636 | Lair:1   | HP: 1/126 [killer bee (4)]
  8636 | Lair:1   | Slain by a killer bee

Skill      XL: |  1  2  3  4  5  6  7  8  9 10 |
---------------+-------------------------------+-----
Necromancy     | 5 6 7 8 10 12 13 | 13.0
Dodging        | 3 4 5 7 8 |  8.2
Fighting       | 1 2 3 |  3.0
Spellcasting   | 4 5 6 7 9 10 | 10.1
Stealth        | |  2.4

Action                   |  1- 3 |  4- 6 |  7- 9 | 10-12 || total
-------------------------+-------+-------+-------+-------++-------
Melee: Dagger            |    86 |   113 |    88 |       ||   287
       Staff             |       |    35 |   127 |    19 ||   181
 Cast: Pain              |    31 |    81 |   124 |    14 ||   250
       Animate Skeleton  |    11 |     3 |     3 |       ||    17
       Regeneration      |     1 |    12 |    22 |     3 ||    38
       Vampiric Draining |     1 |     5 |     9 |     9 ||    24
       Animate Dead      |       |     5 |    26 |     4 ||    35
       Corpse Rot        |       |       |    17 |       ||    17
Invok: Receive Corpses   |       |       |     9 |     2 ||    11
  Use: Scroll            |       |    10 |     4 |       ||    14
       Potion            |       |       |     3 |     6 ||     9
 Stab: Sleeping          |     3 |       |     3 |       ||     6
       Distracted        |     1 |       |     2 |       ||     3
  Eat: Chunk             |     1 |    11 |    13 |       ||    25
       Ration            |       |       |     2 |     1 ||     3
Armor: Robe              |    18 |    50 |    49 |    18 ||   135
       Skin              |       |       |       |   124 ||   124
Dodge: Dodged            |    58 |   153 |   209 |   103 ||   523
